 Dungeon Crawl Stone Soup version 0.30-a0-881-g1ff12e1e11 (webtiles) character file.

Game seed: 12090400705537645014

400 Firecrotchwizard the Insei (level 7, 0/50 HPs)
             Began as a Djinni Transmuter on Mar 14, 2023.
             Was a Believer of Makhleb.
             Slain by a gnoll
             ... wielding a +0 flail
             ... led by a gnoll sergeant
              (7 damage)
             ... on level 5 of the Dungeon.
             The game lasted 00:12:01 (4485 turns).

Firecrotchwizard the Insei (Djinni Transmuter)      Turns: 4485, Time: 00:12:02

Health: 0/50       AC:  3    Str:  9    XL:     7   Next: 10%
Gold:   162        EV: 12    Int: 22    God:    Makhleb [**....] SH:  0 Dex: 14

rFire   + + .      SeeInvis .      - Unarmed
rCold   x . .      Faith    +    (no shield)
rNeg    . . .      Spirit   .    a - +1 robe
rPois   ∞          Reflect  .    j - melded +2 hat
rElec   .          Rampage  .    (no cloak)
rCorr   +                        (no gloves)
Will    .....                    (boots unavailable)
Stlth   +                        d - amulet of faith
HPRegen 0.28/turn                X - ring of resist corrosion
MPRegen 0.00/turn                I - +6 ring of intelligence

@: appendages, wereblooded, flying
A: horns 2, flying, sickness immunity, fire resistance 2, cold vulnerability 1,
float, innate caster, HP casting, extra vitality 1
a: End Transformation, Renounce Religion, Minor Destruction


You were on level 5 of the Dungeon.
You worshipped Makhleb.
Makhleb was pleased with you.
You had temporarily grown beastly horns.
You visited 1 branch of the dungeon, and saw 5 of its levels.

You collected 162 gold pieces.

Inventory:

Missiles
 c - 6 poisoned darts
 f - 6 javelins
 i - 3 curare-tipped darts
 s - 45 stones (quivered)
Armour
 a - a +1 robe (worn)
 g - the +3 leather armour "Zeociazuimn" {Fly rPois rC+}
   (You found it on level 2 of the Dungeon)

   rC:        It protects you from cold.
   rPois:     It protects you from poison.
   Fly:       It grants you flight.
 j - a +2 hat (melded)
   (You found it on level 2 of the Dungeon)
Jewellery
 d - an amulet of faith (around neck)
   (You found it on level 3 of the Dungeon)
 I - a +6 ring of intelligence (right hand)
   (You found it on level 5 of the Dungeon)
 X - a ring of resist corrosion (left hand)
   (You found it on level 3 of the Dungeon)
Scrolls
 b - 2 scrolls of fog {unknown}
 h - a scroll of amnesia {unknown}
 l - a scroll of identify {@r1}
 m - a scroll of acquirement {unknown}
 E - 2 scrolls of fear
 Y - 6 scrolls of teleportation {@r3}
Potions
 e - a potion of ambrosia {unknown}
 k - a potion of brilliance {unknown}
 H - a potion of haste
 J - 3 potions of curing {@q1}
 P - 2 potions of lignification {!q}
 R - 2 potions of resistance


   Skills:
 + Level 3.3 Fighting
 - Level 2.1 Dodging
 * Level 5.7 Unarmed Combat
 - Level 2.7 Spellcasting
 + Level 0.9 Invocations


You knew the following spells:

 Your Spells              Type           Power      Damage    Failure   Level
a - Beastly Appendage     Tmut           30%        N/A       4%          1
b - Wereblood             Tmut           15%        N/A       6%          2
c - Spider Form           Tmut/Pois      15%        N/A       12%         3
d - Ice Form              Ice/Tmut       15%        N/A       38%         4
e - Magic Dart            Conj           60%        1d6       4%          1
f - Lesser Beckoning      Tloc           30%        N/A       6%          2
g - Searing Ray           Conj           30%        2d5       6%          2
Your spell library was empty.

Dungeon Overview and Level Annotations

Branches:
Dungeon (5/15)
 Temple: D:4-7

Altars:
Dithmenos
Makhleb
Ru

Annotations:
D:5 exclusion: jelly


Innate Abilities, Weirdness & Mutations

You have temporarily grown beastly horns.
You are flying.
You are immune to sickness and miasma.
You are immune to poison.
Your flesh is very heat resistant. (rF++)
You are vulnerable to cold. (rC-)
You float through the air rather than walking.
You learn spells naturally, not from books.
Your magical power is your life essence.
You have superior vitality. (+4 MHP)


Message History

You are splashed with acid.
You resist. The orc completely misses you.
You take 7 damage, and have 25/46 hp.
You punch the jelly!
Your hands burn!
The orc hits you with a +0 dagger. The jelly hits you but does no damage.
The orc priest begins to cast a cantrip, but forgets the words!
You take 2 damage, and have 23/46 hp.
You punch the jelly!
You feel a bit better.
You kill the jelly!
Makhleb accepts your kill. The orc hits you but does no damage.
You have reached level 7!
The power to cast Searing Ray wells up from within.
Spell assigned to 'g'.
You regained 6 hp, and now have 29/50 hp.
Okay, then.
You hit the orc. You headbutt the orc. The orc closely misses you.
You barely miss the orc. Your headbutt misses the orc.
Your transformation is almost over.
You hit the orc but do no damage. You headbutt the orc.
You feel a bit better.
You kill the orc!
Makhleb accepts your kill.
You feel better.
You regained 2 hp, and now have 32/50 hp.
You closely miss the orc priest. The orc priest closely misses you.
You completely miss the orc priest. You headbutt the orc priest!
The orc priest closely misses you.
You hit the orc priest.
The orc priest calls down the wrath of Beogh upon you.
Beogh smites you!
You take 6 damage, and have 26/50 hp.
You hit the orc priest.
You feel a bit better.
You kill the orc priest!
Makhleb accepts your kill.
You start resting.
Your horns disappear.
Your +2 hat unmelds from your body.
You start resting.
Your primal bloodlust is almost over.
You start resting.
You howl as the wereblood boils in your veins!
You start resting.
Your primal bloodlust has ended.
You start resting.
An orc wizard comes into view. It is wielding a +0 short sword.
You regained 4 hp, and now have 34/50 hp.
An orc comes into view. It is wielding a +0 flail.
The orc shouts!
You hear a shout!
Items here: ! $ )) [.
You grow a pair of large bovine horns.
Your +2 hat melds into your body.
You take 1 damage, and have 33/50 hp.
Your blood is infused with primal strength.
You take 1 damage, and have 32/50 hp.
You hit the orc wizard. Your headbutt misses the orc wizard.
The orc wizard points at you and mumbles some strange words.
You are confused.
You miss the orc.
A gnoll comes into view. It is wielding a +0 flail.
The orc wizard hits you but does no damage.
The orc closely misses you.
An orc wizard comes into view. It is wielding a +0 dagger.
You're too confused to move!
The gnoll shouts!
The orc wizard shouts!
The orc wizard hits you with a +0 short sword.
The orc barely misses you.
You take 2 damage, and have 30/50 hp.
You hit the orc. The orc wizard casts a spell at you. The magic dart hits you.
The orc hits you with a +0 flail!
You take 14 damage, and have 16/50 hp.
MASSIVE DAMAGE!!
You miss the orc. The orc wizard closely misses you.
The orc hits you but does no damage.
An orc comes into view. It is wielding a +0 trident.
The orc wizard attacks as you move away!
The orc wizard barely misses you.
The orc wizard casts a spell.
The orc wizard flickers and vanishes!
Deactivating autopickup; reactivate with Ctrl-A.
You feel less confused.
You hit the orc.
You feel a bit better.
You kill the orc!
Makhleb accepts your kill.
You feel better.
You regained 2 hp, and now have 19/50 hp.
The gnoll attacks as you move away! The gnoll hits you with a +0 flail!
* * * LOW HITPOINT WARNING * * *
Something hits you.
* * * LOW HITPOINT WARNING * * *
You take 8 damage, and have 11/50 hp.
You howl as the wereblood boils in your veins!
The gnoll attacks as you move away! The gnoll barely misses you.
A magic dart appears from out of thin air!
The magic dart hits you.
* * * LOW HITPOINT WARNING * * *
You take 5 damage, and have 6/50 hp.
The orc wizard casts a spell.
The orc wizard flickers and vanishes!
You howl as the wereblood boils in your veins!
The gnoll attacks as you move away! The gnoll hits you with a +0 flail!
You die...

#.....#.##..##.#..
##....#.#.#.)#.#.#
#.....##.#.)).#.#
#########....#.##......##.#
##...........#.#.....)....#.#
##...>........##.......!....#
#............#...o............#
#..............g{.{............
#.............@##########<##...
#..............# .# ..#
#<.............# .. ..
##.......<....## .#
##..........## ############


You could see a gnoll and an orc.

Vanquished Creatures
  Menkaure (D:4)
  A jelly (D:5)
  2 hounds
  An orc priest (D:5)
  Robin (D:4)
  An adder (D:3)
  A gnoll (D:1)
  A shadow imp (D:5)
  A white imp (D:5)
  3 worms
  3 dart slugs
  10 orcs
  3 endoplasms (D:3)
  5 giant cockroaches
  12 hobgoblins
  4 quokkas
  3 ball pythons (D:2)
  13 bats
  12 frilled lizards (D:2)
  9 goblins
  7 kobolds
  3 rats
97 creatures vanquished.

Vanquished Creatures (others)
  7 plants (D:2)
7 creatures vanquished.

Grand Total: 104 creatures vanquished

Notes
Turn   | Place    | Note
-------+----------+-------------------------------------------
     0 | D:1      | Firecrotchwizard the Djinni Transmuter began the quest for
                  | the Orb.
     0 | D:1      | Firecrotchwizard set off with the following spells
                  | memorised: Beastly Appendage, Wereblood, Spider Form, Ice
                  | Form.
     0 | D:1      | Reached XP level 1. HP: 17/17 MP: 0/0
   306 | D:1      | Reached XP level 2. HP: 15/22 MP: 0/0
   783 | D:2      | Reached XP level 3. HP: 27/27 MP: 0/0
   783 | D:2      | Learned a level 1 spell: Magic Dart
   791 | D:2      | HP: 6/27 [hound (3)]
   792 | D:2      | HP: 1/27 [hound (4)]
   796 | D:2      | Reached skill level 2 in Spellcasting
   796 | D:2      | Reached XP level 4. HP: 2/33 MP: 0/0
  1007 | D:2      | Reached skill level 4 in Unarmed Combat
  1101 | D:2      | Reached skill level 2 in Fighting
  1341 | D:2      | Found a burning altar of Makhleb.
  1347 | D:2      | Became a worshipper of Makhleb the Destroyer
  2395 | D:2      | Reached XP level 5. HP: 38/38 MP: 0/0
  2395 | D:2      | Learned a level 2 spell: Lesser Beckoning
  2542 | D:2      | Identified the +3 leather armour "Zeociazuimn" {Fly rPois
                  | rC+}
  3379 | D:4      | Found a sacrificial altar of Ru.
  3394 | D:4      | Noticed Menkaure
  3421 | D:4      | HP: 3/39 [Menkaure (7)]
  3423 | D:4      | Killed Menkaure
  3424 | D:4      | Reached skill level 5 in Unarmed Combat
  3424 | D:4      | Reached XP level 6. HP: 4/45 MP: 0/0
  3600 | D:4      | Reached * piety under Makhleb
  3609 | D:4      | Reached skill level 3 in Fighting
  3750 | D:4      | Noticed Robin
  3768 | D:4      | Killed Robin
  3848 | D:4      | Reached ** piety under Makhleb
  3865 | D:4      | Found a shadowy altar of Dithmenos.
  4116 | D:5      | Entered Level 5 of the Dungeon
  4153 | D:5      | HP: 9/46 [white imp/puff of frost (13)]
  4433 | D:5      | Reached XP level 7. HP: 29/50 MP: 0/0
  4433 | D:5      | Learned a level 2 spell: Searing Ray
  4478 | D:5      | HP: 11/50 [gnoll/+0 flail[a gnoll sergeant] (8)]
  4485 | D:5      | Slain by a gnoll

Illustrated notes

Levels and vault maps discovered:
D:1:      scummos_arrival_checkerplants, layout_loops_cross, minivault_23,
          minivault_19
D:2:      layout_basic, basic_altar, minmay_lizard_king
D:3:      layout_basic, minmay_misc_feat_room
D:4:      layout_cave_pools, nicolae_dithmenos_shadow_blocks,
          nicolae_ru_awakened_eye, serial_column_ruins,
          column_ruins_square_large, column_ruins_hut, column_ruins_open_small,
          column_ruins_corridor_plus, column_ruins_grid_1,
          column_ruins_open_small, column_ruins_corridor_straight,
          uniq_menkaure, uniq_robin
D:5:      layout_rooms, general_overflow_altar, fedhas_altar_decomposition,
          minmay_misc_feat_secret_circle, minmay_joined_circles

Skill      XL: |  1  2  3  4  5  6 |
---------------+-------------------+-----
Spellcasting   | 2 |  2.7
Unarmed Combat | 4 5 |  5.7
Fighting       | 2 3 |  3.3
Dodging        | |  2.1
Invocations    | |  0.9

Action                     |  1- 3 |  4- 6 |  7- 9 || total
---------------------------+-------+-------+-------++-------
  Melee: Unarmed           |    44 |   262 |    12 ||   318
         Headbutt          |     5 |    38 |     3 ||    46
         Punch             |     2 |     8 |       ||    10
  Throw: Stone             |       |     7 |       ||     7
   Cast: Beastly Appendage |     9 |    30 |     1 ||    40
         Magic Dart        |     3 |     5 |       ||     8
         Wereblood         |       |     4 |     1 ||     5
    Use: Scroll            |       |     7 |       ||     7
   Stab: Sleeping          |       |     2 |       ||     2
 Armour: Robe              |    12 |    61 |     2 ||    75
  Dodge: Dodged            |    40 |   154 |     8 ||   202

Table legend: (Time is in decaauts)
 A = Elapsed time spent in this place.
 B = Non-inter-level travel time spent in this place.
 C = Inter-level travel time spent in this place.
 D = Time resting spent in this place.
 E = Time spent auto-exploring this place.
 F = Levels seen in this place.
 G = Mean time per level.
                   A        B        C        D        E       F      G
               +--------+--------+--------+--------+--------+-----+--------+
         Total |   4459 |   4178 |    281 |    778 |   2524 |   5 |  891.8 |
       Dungeon |   4459 |   4178 |    281 |    778 |   2524 |   5 |  891.8 |
               +--------+--------+--------+--------+--------+-----+--------+

Top non-repeatable levels by time:
     D:2: 1576 daAuts
     D:3: 1238 daAuts
     D:1: 682 daAuts
     D:4: 596 daAuts
     D:5: 364 daAuts

Table legend:
 A = Kills in this place as a percentage of kills in the entire game.
 B = Kills by you in this place as a percentage of kills by you in the entire game.
 C = Kills by friends in this place as a percentage of kills by friends in the entire game.
 D = Other kills in this place as a percentage of other kills in the entire game.
 E = Experience gained in this place as a percentage of experience gained in the entire game.
 F = Experience gained in this place divided by the number of levels of this place that you have seen.
                   A       B       C       D       E      F
               +-------+-------+-------+-------+-------+----------------------
         Total | 100.0 | 100.0 |   N/A |   N/A | 100.0 | 114.4
       Dungeon | 100.0 | 100.0 |   N/A |   N/A | 100.0 | 114.4
               +-------+-------+-------+-------+-------+----------------------
